 Dungeon Crawl Stone Soup version bcrawl-1.40.3b (webtiles) character file.

Game seed: 12539075069969124438

206869 petercordia the Cudgeler (level 6, -2/100 HPs)
             Began as an Ogre Berserker on Feb 8, 2024.
             Was a Believer of Trog.
             Slain by an orc wizard
             ... wielding a +0 dagger
              (3 damage)
             ... on level 4 of the Dungeon.
             The game lasted 00:05:14 (2645 turns).

petercordia the Cudgeler (Ogre Berserker)           Turns: 2645, Time: 00:05:14

Health: -2/100     AC:  3    Str: 27    XL:     6   Next: 62%
Magic:  6/6        EV: 11    Int:  8    God:    Trog [**....]
Gold:   71         SH:  0    Dex: 10    Spells: 5/5 levels left

rFire    . . .     GDR:     22% u - +0 giant spiked club
rCold    + . .     SeeInvis .   (shield currently unavailable)
rNeg     . . .     Gourm    .   b - +0 animal skin
rPois    .         Faith    .   (helmet restricted)
rElec    .         Spirit   .   (no cloak)
rCorr    .         Reflect  .   (gloves unavailable)
MR       .....                  (boots unavailable)
Stlth    ..........             (no amulet)
HPRegen  0.26/turn              w - ring of protection from cold
MPRegen  0.10/turn              (no ring)

@: berserking (expiring), slowed
A: large, unfitting armour, tough skin 1
a: Berserk, Trog's Hand, Renounce Religion


You were on level 4 of the Dungeon.
You worshipped Trog.
Trog was pleased with you.
You were not hungry.

You visited 1 branch of the dungeon, and saw 4 of its levels.

You collected 146 gold pieces.
You spent 75 gold pieces at shops.

Inventory:

Hand Weapons
 a - a +0 mace
 u - a +0 giant spiked club (weapon)
Missiles
 g - 455 arrows
 h - 43 javelins (quivered)
 j - 387 stones
 r - 316 sling bullets
 t - 201 bolts
Armour
 b - a +0 animal skin (worn)
Jewellery
 w - a ring of protection from cold (left hand)
Wands
 p - a wand of flame (9)
Scrolls
 c - a scroll of remove curse {unknown}
 d - a scroll of enchant armour {unknown}
 i - 2 scrolls of identify
 k - a scroll of revelation {unknown}
 l - a scroll of blinking {unknown}
 n - a scroll of immolation {unknown}
 q - a scroll of fog {unknown}
 s - a scroll of teleportation {unknown}
Potions
 f - 2 potions of might {unknown}
 m - a potion of lignification {unknown}
 o - a potion of curing
 v - 2 potions of magic {unknown}
 x - a potion of heal wounds {unknown}
Comestibles
 e - 2 rations {!d}


   Skills:
 + Level 5.9 Fighting
 + Level 6.7 Maces & Flails
 + Level 3.9 Dodging


You had 5 spell levels left.
You didn't know any spells.
Your spell library was empty.

Dungeon Overview and Level Annotations

Branches:
Dungeon (4/12)
 Temple: D:4-7

Altars:
Dithmenos
Okawaru
Uskayaw
Zin
The Shining One

Shops:
D:4 [


Innate Abilities, Weirdness & Mutations

You are too large for most types of armour.
You have tough skin. (AC +1)


Message History

* * * LOW HITPOINT WARNING * * *
Something hits you but does no damage.
You closely miss something.
Something hits you but does no damage. x2
You miss something.
You are starving!
Something hits you but does no damage.
You hear some strange, mumbled words.
A puff of flame appears from out of thin air!
The puff of flame hits you!
* * * LOW HITPOINT WARNING * * *
Something hits you.
* * * LOW HITPOINT WARNING * * *
You eat one of the 3 rations {!d}.
That ration really hit the spot!
An orc wizard appears from thin air!
Reactivating autopickup.
The orc wizard hits you with a +0 dagger.
* * * LOW HITPOINT WARNING * * *
You closely miss the orc wizard.
The orc wizard hits you with a +0 dagger.
You die...

###+#.#.# #..# # #.#.#.#
#.## # #..[..#
####.######## # ###.<##
#............ # #..#
#.##.####..# # #..#
#.##.####.. #
#..#####.##.#... #
#........##.#)###.##
#####..##.......@o.....#
##...............).....#
#...............#.####.#
................#.#
#...............#.#
##...#.#.......##..
#####.##.....## ##
#.###...## #.# ##.##


You could see an orc wizard.

Vanquished Creatures
  An ogre (D:3)
  An orc priest (D:4)
  A vampire bat (D:3)
  A crimson imp (D:3)
  A worker ant (D:3)
  5 adders (D:3)
  An ooze (D:3)
  An adder skeleton (D:4)
  A worm (D:2)
  7 leopard geckos
  7 orcs
  13 bats
  A giant cockroach (D:2)
  6 goblins
  8 hobgoblins
  5 jackals
  7 kobolds
  3 quokkas
  A ball python (D:3)
  A ball python skeleton (D:4)
  3 rats
75 creatures vanquished.

Notes
Turn   | Place    | Note
-------+----------+-------------------------------------------
     0 | D:1      | petercordia the Ogre Berserker began the quest for the Orb.
     0 | D:1      | Reached XP level 1. HP: 24/24 MP: 1/1
   216 | D:1      | Reached XP level 2. HP: 30/32 MP: 2/2
   505 | D:2      | Reached skill level 4 in Maces & Flails
   573 | D:2      | Found a shadowy altar of Dithmenos.
   695 | D:2      | Found a hide-covered altar of Uskayaw.
   714 | D:2      | Reached XP level 3. HP: 27/40 MP: 3/3
  1085 | D:2      | Reached ** piety under Trog
  1292 | D:2      | Found a glowing golden altar of the Shining One.
  1449 | D:3      | Reached XP level 4. HP: 49/49 MP: 4/4
  1492 | D:3      | Found Zin's Purification Station.
  1497 | D:3      | Found a glowing silver altar of Zin.
  1503 | D:3      | Bought a potion of curing for 75 gold pieces
  1512 | D:3      | Reached skill level 5 in Maces & Flails
  1663 | D:3      | Reached skill level 5 in Fighting
  1663 | D:3      | Reached XP level 5. HP: 47/57 MP: 5/5
  1730 | D:3      | Noticed an ogre
  1734 | D:3      | Killed an ogre
  1735 | D:3      | Reached skill level 6 in Maces & Flails
  1800 | D:3      | Found an iron altar of Okawaru.
  1815 | D:3      | Reached XP level 6. HP: 66/66 MP: 6/6
  2591 | D:4      | Found Panuik's Armour Boutique.
  2643 | D:4      | HP: 5/100 [something/puff of flame (9)]
  2644 | D:4      | HP: 1/100 [orc wizard/+0 dagger (4)]
  2645 | D:4      | Slain by an orc wizard

Skill      XL: |  1  2  3  4  5 |
---------------+----------------+-----
Maces & Flails | 4 5 6 |  6.7
Dodging        | 3 |  3.9
Fighting       | 5 |  5.9

Action                   |  1- 3 |  4- 6 || total
-------------------------+-------+-------++-------
Melee: Mace              |   108 |    43 ||   151
       Giant spiked club |       |    97 ||    97
Invok: Berserk           |     4 |     5 ||     9
       Trog's Hand       |       |     1 ||     1
  Eat: Chunk             |     7 |    13 ||    20
       Ration            |       |     1 ||     1
Armor: Animal skin       |    25 |    64 ||    89
Dodge: Dodged            |    58 |    92 ||   150
